 Dungeon Crawl Stone Soup version 0.28.0-43-g3370ac3207 (webtiles) character file.

Game seed: 10223389239618400540

831 Zeld the Changer (level 7, -2/48 HPs)
             Began as an Octopode Transmuter on Mar 19, 2022.
             Slain by a troll (11 damage)
             ... on level 5 of the Dungeon.
             The game lasted 00:06:11 (9308 turns).

Zeld the Changer (Octopode Transmuter)              Turns: 9308, Time: 00:06:11

Health: -2/48      AC:  1    Str: 12    XL:     7   Next: 98%
Magic:  9/13       EV: 13    Int: 15    God:
Gold:   208        SH:  0    Dex: 12    Spells: 4/14 levels left

rFire   . . .      SeeInvis .     - Unarmed
rCold   . . .      Faith    .   (no shield)
rNeg    + . .      Spirit   .   (helmet restricted)
rPois   .          Reflect  .   (no amulet)
rElec   .          Harm     .   g - ring of positive energy
rCorr   .          Rampage  .   (no ring)
Will    .....                   (no ring)
Stlth   +++.......              (no ring)
HPRegen 0.16/turn               (no ring)
MPRegen 0.13/turn               (no ring)
                                (no ring)
                                (no ring)

@: very slightly contaminated
A: almost no armour, amphibious, 8 rings, camouflage 1, gelatinous body 1,
(nimble swimmer 1), tentacles
a: no special abilities


You were on level 5 of the Dungeon.
You visited 1 branch of the dungeon, and saw 5 of its levels.

You collected 208 gold pieces.

Inventory:

Jewellery
 g - a ring of positive energy (left tentacle)
Wands
 w - a wand of flame (13)
Scrolls
 a - 4 scrolls of magic mapping {unknown}
 b - a scroll of enchant armour {unknown}
 d - 2 scrolls of immolation {unknown}
 e - 2 scrolls of torment {unknown}
 f - 3 scrolls of teleportation {unknown}
 h - 2 scrolls of noise {unknown}
 i - 3 scrolls of identify {unknown}
 j - a scroll of vulnerability {unknown}
 k - 3 scrolls of amnesia {unknown}
 t - a scroll of summoning {unknown}
 u - 3 scrolls of enchant weapon {unknown}
 v - a scroll of blinking {unknown}
Potions
 c - 2 potions of curing {unknown}
 l - a potion of lignification {unknown}
 m - a potion of ambrosia {unknown}
 n - 2 potions of flight {unknown}
 o - a potion of heal wounds {unknown}
 p - a potion of brilliance {unknown}
 q - a potion of mutation {unknown}
 r - a potion of magic {unknown}
 s - a potion of invisibility {unknown}


   Skills:
 * Level 4.0 Fighting
 - Level 2.0 Dodging
 + Level 3.4 Stealth
 - Level 4.0 Unarmed Combat
 * Level 4.1 Spellcasting
 * Level 4.5 Transmutations
 + Level 1.8 Ice Magic
 + Level 2.3 Poison Magic


You had 4 spell levels left.
You knew the following spells:

 Your Spells              Type           Power      Damage    Failure   Level
a - Beastly Appendage     Tmut           32%        N/A       2%          1
b - Wereblood             Tmut           16%        N/A       4%          2
c - Spider Form           Tmut/Pois      13%        N/A       13%         3
d - Ice Form              Ice/Tmut       12%        N/A       43%         4

Your spell library contained the following spells:

 Spells                   Type           Power      Damage    Failure   Level
 Freeze                   Ice            32%        1d5       9%          1
 Passwall                 Tmut/Erth      7%         N/A       11%         2
 Sandblast                Erth           6%         2d5       19%         1
 Frozen Ramparts          Ice            16%        1d3       26%         3
 Stone Arrow              Conj/Erth      6%         3d7       47%         3
 Hailstorm                Conj/Ice       5%         3d4       77%         4
 Fireball                 Conj/Fire      1%         3d3       99%         5
 Starburst                Conj/Fire      1%         6d3       100%        6
 Ignition                 Fire           1%         3d3       100%        8


Dungeon Overview and Level Annotations

Branches:
Dungeon (5/15)
 Temple: D:4-7

Altars:
Hepliaklqana
Okawaru
Trog
Uskayaw
Yredelemnul
Beogh

Shops:
D:3 (   D:5 (

Annotations:
D:5 3 runed translucent doors, nickcage's ghost, novice MiFi


Innate Abilities, Weirdness & Mutations

You cannot wear most types of armour.
You are amphibious.
You can wear up to eight rings at the same time.
Your skin changes colour to match your surroundings (Stealth+).
Your rubbery body absorbs attacks. (AC +1, EV +1)
((You are camouflaged when in or above water. (Stealth+)))
You have tentacles for arms and can constrict up to eight enemies at once.


Message History

The orc shouts!
You hear a shout! x3
You don't have any such object.
Evoke which item? (* to show all) (? for menu, Esc to quit)
You don't have any such object.
Evoke which item? (* to show all) (? for menu, Esc to quit)
Okay, then.
Aiming: Throw Flame
Press: ? - help, Shift-Dir - straight line, f - troll
Aim: a troll (68% to hit)
The puff of flame hits the troll.
The troll is lightly wounded.
Unknown command.
Casting: Beastly Appendage (safe; 2% risk of failure)
Confirm with . or Enter, or press ? or * to list all spells.
You turn into a venomous arachnid creature.
You hit the troll.
The troll is poisoned.
The troll is lightly wounded.
The troll bites you. The troll barely misses you. The troll closely misses you.
You hit the troll.
The troll looks as sick as possible!
The troll is lightly wounded.
The troll bites you!! The troll claws you. The troll misses you.
You hit the troll.
The troll looks as sick as possible!
The troll is moderately wounded.
The troll closely misses you. The troll claws you.
The troll closely misses you.
You are too injured to fight recklessly!
Your transformation is almost over.
Your transformation has ended.
Casting: Spider Form (dangerous; 13% risk of failure)
Confirm with . or Enter, or press ? or * to list all spells.
You miscast Spider Form.
You are very lightly contaminated with residual magic.
Nothing appears to happen.
You tentacle-slap the troll. You squeeze the troll.
The troll is heavily wounded.
The troll barely misses you. x2; The troll claws you!
* * * LOW HITPOINT WARNING * * *
The troll bites you!
You die...

#.# #.....
#.####### #.....
#.......# #.....
#######># #.....
#.....#.# #.....
#.###.#.##########'
#.# #..............
#T#####.#########8.
#.@.....# ###
######### #o #. #.
#. #.


You could see a troll (very poisoned).

Vanquished Creatures
  An ice beast (D:5)
  3 ogres
  A scorpion (D:4)
  A water moccasin skeleton (D:5)
  An orc priest (D:4)
  Natasha (thrice) (D:2)
  An orc wizard (D:4)
  4 gnolls (D:4)
  12 adders
  An ufetubus (D:5)
  2 adder skeletons (D:4)
  2 worms
  3 dart slugs
  7 orcs
  8 endoplasms
  3 giant cockroaches
  5 goblins
  6 hobgoblins
  3 jackals (D:2)
  3 quokkas
  8 ball pythons
  A bat (D:2)
  3 frilled lizards
  8 kobolds
  4 rats
94 creatures vanquished.

Notes
Turn   | Place    | Note
-------+----------+-------------------------------------------
     0 | D:1      | Zeld the Octopode Transmuter began the quest for the Orb.
     0 | D:1      | Reached XP level 1. HP: 13/13 MP: 3/3
   390 | D:1      | You fall into a shaft and drop 1 floor!
   400 | D:2      | Reached XP level 2. HP: 12/18 MP: 3/5
   807 | D:2      | Learned a level 2 spell: Wereblood
  1120 | D:2      | Reached skill level 1 in Stealth
  1120 | D:2      | Reached XP level 3. HP: 24/24 MP: 4/6
  1124 | D:2      | Learned a level 3 spell: Spider Form
  1598 | D:2      | Found a faded altar of an unknown god.
  2308 | D:2      | Noticed Natasha
  2319 | D:2      | Killed Natasha
  2320 | D:2      | Reached XP level 4. HP: 14/29 MP: 3/7
  3256 | D:2      | Noticed Natasha
  3261 | D:2      | Killed Natasha
  3275 | D:2      | Reached XP level 5. HP: 7/35 MP: 6/9
  3612 | D:2      | Noticed Natasha
  3621 | D:2      | Killed Natasha
  3864 | D:2      | Found a faded altar of an unknown god.
  4708 | D:3      | Found a basalt altar of Yredelemnul.
  4709 | D:3      | Found a hide-covered altar of Uskayaw.
  4711 | D:3      | Found an iron altar of Okawaru.
  4712 | D:3      | Found a bloodstained altar of Trog.
  5153 | D:3      | Learned a level 4 spell: Ice Form
  5287 | D:3      | Found Ynosonk's Antique Weapon Shop.
  5952 | D:4      | Noticed an ogre
  5952 | D:4      | Noticed an ogre
  6286 | D:4      | Killed an ogre
  6287 | D:4      | Reached skill level 1 in Poison Magic
  6287 | D:4      | Reached XP level 6. HP: 42/42 MP: 4/11
  6611 | D:4      | Reached skill level 1 in Ice Magic
  6774 | D:4      | Reached XP level 7. HP: 7/46 MP: 6/12
  7507 | D:4      | Found a hazy altar of Hepliaklqana.
  7759 | D:5      | Entered Level 5 of the Dungeon
  7764 | D:5      | Identified the +2 leather armour of Uguipoga {+Blink Regen+
                  | Str+5 Dex-5}
  7922 | D:5      | Found a runed translucent gate.
  7922 | D:5      | Found a runed translucent gate.
  7922 | D:5      | Found a runed translucent gate.
  7949 | D:5      | Noticed nickcage's ghost (novice MiFi)
  8439 | D:5      | Noticed a troll
  8447 | D:5      | HP: 1/47 [troll (3)]
  8887 | D:5      | Found Reaqokh's Weapon Emporium.
  9308 | D:5      | Slain by a troll

Illustrated notes

Levels and vault maps discovered:
D:1:      dpeg_arrival_windows_large_door, layout_loops_corners
D:2:      minmay_razor_zed, layout_loops_corners, basic_ecumenical_altar,
          uniq_natasha
D:3:      layout_basic, grunt_temple_overflow_open, serial_shops, shop
D:4:      layout_basic, general_overflow_altar, minmay_surrounded
D:5:      layout_basic, serial_shops, nicolae_shop_hallway_plus,
          biasface_ghost_orc_armoury

Skill      XL: |  1  2  3  4  5  6  7 |
---------------+----------------------+-----
Stealth        | 1 2 3 |  3.4
Fighting       | 2 3 4 |  4.0
Transmutations | 3 4 |  4.5
Spellcasting   | 3 4 |  4.1
Poison Magic   | 1 2 |  2.3
Ice Magic      | 1 |  1.8
Unarmed Combat | 4 |  4.0
Dodging        | |  2.0

Action                   |  1- 3 |  4- 6 |  7- 9 || total
-------------------------+-------+-------+-------++-------
Melee: Unarmed           |    42 |   113 |    81 ||   236
       Kick              |    12 |    14 |     9 ||    35
       Constrict         |    11 |    18 |     9 ||    38
       Tentacles         |     9 |    16 |    11 ||    36
       Punch             |     1 |     1 |       ||     2
 Cast: Beastly Appendage |    23 |    19 |    10 ||    52
       Spider Form       |     1 |     8 |     5 ||    14
       Wereblood         |       |     1 |       ||     1
Evoke: Wand              |       |       |     3 ||     3
 Stab: Sleeping          |     8 |     5 |     4 ||    17
Armor: Skin              |     1 |     8 |     2 ||    11
Dodge: Dodged            |    16 |    94 |    73 ||   183
